 Dungeon Crawl Stone Soup version 0.20.1-1-g8b1a95d (webtiles) character file.

100526 vineage the Peltast (level 16, -12/111 HPs)
             Began as a Gargoyle Fighter on Sept 16, 2017.
             Was the Champion of Okawaru.
             Mangled by an acid blob (24 damage)
             ... on level 1 of the Pits of Slime.
             The game lasted 00:49:54 (20496 turns).

vineage the Peltast (Gargoyle Fighter)             Turns: 20496, Time: 00:49:55

Health: -12/111    AC: 19    Str: 32    XL:     16   Next: 28%
Magic:  16/16      EV: 10    Int: 13    God:    Okawaru [******]
Gold:   1775       SH: 20    Dex: 14    Spells: 15/15 levels left

rFire    + . .     SeeInvis .   k - +6 demon blade (elec)
rCold    + . .     Gourm    .   c - +5 shield
rNeg     + . .     Faith    .   o - +0 plate armour
rPois    ∞         Spirit   .   t - +0 hat {Int+3}
rElec    +         Reflect  .   z - scarf of Qoheby {Str+3}
rCorr    +         Harm     .   q - +2 pair of gloves
MR       ++...     Clarity  +   (no boots)
Stlth    ..........             y - amulet of regeneration
Regen    1.1/turn               e - +3 ring of dexterity
MPRegen  0.2/turn               a - ring of Birdsong {MR+ Str+5}

@: resistant, corroded, flying, studying Maces & Flails
A: antennae 1, big wings, blurry vision 1, clarity, negative energy resistance
1, regeneration 1, robust 1, electricity resistance, unbreathing, petrification
resistance, rot immunity, AC +11
a: Stop Flying, Heroism, Finesse, Renounce Religion


You were on level 1 of the Pits of Slime.
You worshipped Okawaru.
Okawaru was exalted by your worship.
You were very hungry.

You visited 4 branches of the dungeon, and saw 23 of its levels.

You collected 1775 gold pieces.

Inventory:

Hand Weapons
 k - a +6 demon blade of electrocution (weapon)
 D - the +3 whip of Hohupp {speed, rElec MR+ Int+3}
   (You found it on level 11 of the Dungeon)

   Attacks with this weapon are significantly faster.
   It affects your intelligence (+3).
   It insulates you from electricity.
   It affects your resistance to hostile enchantments.
 L - a +0 whip of flaming
Missiles
 M - 3 tomahawks of returning (quivered)
Armour
 b - a scarf of cloud immunity
 c - a +5 shield (worn)
 o - a +0 plate armour (worn)
 q - a +2 pair of gloves (worn)
 t - a +0 hat of intelligence (worn)
 z - the scarf of Qoheby (worn) {Str+3}
   (Okawaru gifted it to you on level 11 of the Dungeon)

   It affects your strength (+3).
 U - a +2 hat
Jewellery
 a - the ring of Birdsong (right hand) {MR+ Str+5}
   (You acquired it on level 14 of the Dungeon)

   [ring of protection from magic]

   It affects your strength (+5).
   It affects your resistance to hostile enchantments.
 e - a +3 ring of dexterity (left hand)
 l - an uncursed ring of ice
 n - an uncursed ring of fire
 w - a +1 ring of protection
 y - an amulet of regeneration (around neck)
 Y - an uncursed ring of positive energy
Scrolls
 i - 10 scrolls of remove curse
 j - 3 scrolls of fear
 m - 4 scrolls of teleportation
 r - 2 scrolls of fog
 s - a scroll of summoning
 v - a scroll of magic mapping
 F - a scroll of recharging
 K - a scroll of immolation
 O - 2 scrolls of blinking
 P - 3 scrolls of amnesia
Potions
 g - a potion of curing
 h - a potion of ambrosia
 x - 5 potions of lignification
 A - 3 potions of resistance
 B - 6 potions of mutation
 C - 2 potions of cancellation
 E - 2 potions of might
 G - 2 potions of haste
 H - a potion of invisibility
 N - 3 potions of agility
 R - a potion of berserk rage
 T - a potion of brilliance
Books
 J - the Compendium of Nature
   (You found it on level 12 of the Dungeon)

   Spells                             Type                      Level
   a - Summon Small Mammal            Summoning                    1
   b - Beastly Appendage              Transmutation                1
   c - Call Canine Familiar           Summoning                    3
   d - Spider Form                    Transmutation/Poison         3
 X - a manual of Maces & Flails
Miscellaneous
 V - a lightning rod (4/4)
Comestibles
 d - 10 meat rations
 f - 12 bread rations
 Q - 5 royal jellies
 W - 5 fruits


   Skills:
 + Level 12.1 Fighting
 + Level 12.5 Long Blades
 + Level 11.3 Maces & Flails
 + Level 1.0 Throwing
 * Level 14.1 Armour
 + Level 2.7 Dodging
 + Level 1.2 Stealth
 + Level 16.0 Shields
 + Level 0.2 Invocations


You had 15 spell levels left.
You didn't know any spells.

Dungeon Overview and Level Annotations

Branches:
Dungeon (14/15)            Temple (0/1) D:5            Lair (6/6) D:10
 Shoals (0/4) Lair:2       Spider (0/4) Lair:3        Slime (1/5) Lair:5
    Orc (2/2) D:11            Elf (0/3) Orc:2        Vaults (0/5) D:14

Altars:
Ashenzari
Fedhas
Hepliaklqana
Makhleb
Okawaru
Ru
Sif Muna
Zin
The Shining One
Jiyva

Shops:
D:11 (   D:12 ([*   Orc:2 =}}*[


Innate Abilities, Weirdness & Mutations

You are resistant to torment.
Your stone body is resilient. (AC +11)
You are immune to poison.
Your large and strong wings let you fly indefinitely.
You resist negative energy. (rN+)
You are resistant to electric shocks. (rElec)
You can survive without breathing.
You are immune to petrification.
You are immune to rotting.
You have a pair of small antennae on your head.
Scrolls take you a little longer to read.
You possess an exceptional clarity of mind.
Your natural rate of healing is unusually fast.
You are robust. (+10% HP)


Message History

Lightning courses through the acid blob!
Your hands burn!
* * * LOW HITPOINT WARNING * * *
The acid blob is almost dead.
You are splashed with acid!
The wall burns you! You resist.
* * * LOW HITPOINT WARNING * * *
You block the acid blob's attack.
You hit the acid blob.
Your hands burn!
* * * LOW HITPOINT WARNING * * *
The acid blob is almost dead.
You are splashed with acid!
The wall burns you! You resist.
* * * LOW HITPOINT WARNING * * *
The acid blob spits acid at you. The splash of acid misses you.
You barely miss the acid blob.
The acid blob is almost dead.
You are splashed with acid!
The wall burns you! You resist.
* * * LOW HITPOINT WARNING * * *
The acid blob hits you!!
You die...

........ #......#
###...... ###.......
##........ #........
##.## #.....J## #...###
#.....@.## ######.....#
##.#.....###..##.......
#...#.....#............
##. ##.....#...........
# ##....#.##........
##......##.......
##.....#.........
##................
#.................


You could see an acid blob.

Vanquished Creatures
  Gastronok (Lair:2)
  Kirke (D:12)
  Nessos (Lair:5)
  The ghost of vatarom the Wallflower, a journeyman VSAs of Uskayaw (Lair:6)
  4 dire elephants (Lair:6)
  The ghost of ThereIsNoGod the Grappler, a journeyman TrFi of Makhleb (Orc:2)
  Harold (Lair:1)
  5 hydras
  2 vault guards (D:14)
  2 centaur warriors
  An anaconda (Lair:6)
  3 ogre magi (Orc:2)
  19 two-headed ogres
  The ghost of Frank the Carver, a novice OpFi of Dithmenos (D:8)
  A skeletal warrior (D:13)
  2 deep trolls (Orc:1)
  2 unseen horrors (D:11)
  2 wizards (D:14)
  Pikel (D:8)
  2 necromancers (D:14)
  An orc knight (Orc:1)
  An orc sorcerer (Orc:2)
  An ugly thing (D:12)
  An oklob plant (D:12)
  4 cyclopes
  2 manticores
  29 elephants
  5 centaur zombies (D:13)
  4 black mambas (Lair:6)
  Joseph (D:8)
  Psyche (D:9)
  9 spiny frogs
  2 gargoyles
  7 komodo dragons
  3 rime drakes
  A tengu conjurer (D:14)
  13 trolls
  4 hornets
  5 polar bears
  9 slime creatures
  10 hippogriffs
  15 dream sheep
  2 shadows
  2 wyverns
  2 hogs (D:12)
  56 yaks
  A wraith (D:12)
  19 humans (D:14)
  A basilisk (Lair:1)
  12 vampire mosquitoes
  A hungry ghost (D:10)
  Edmund (D:5)
  Menkaure (D:5)
  An acid dragon (D:13)
  12 water moccasins
  11 porcupines
  The ghost of chorizette the Ruffian, an amateur TrFi of Okawaru (D:3)
  2 hornet zombies (D:13)
  4 sky beasts
  6 phantoms
  2 black bears
  A necrophage (D:5)
  14 orc warriors
  3 ice beasts
  31 ogres
  11 crocodiles
  4 wolves (D:10)
  15 centaurs
  2 gnoll sergeants
  Blork the orc (D:6)
  18 bullfrogs
  A wyvern skeleton (D:8)
  8 scorpions
  9 killer bees
  An oklob sapling (D:12)
  4 electric eels
  6 howler monkeys
  3 crimson imps
  2 bullfrog zombies
  A quasit (D:12)
  16 orc priests
  9 hounds
  6 centaur skeletons
  Crazy Yiuf (D:6)
  2 bullfrog skeletons
  3 gnoll shamans
  5 iguanas
  Ijyb (D:5)
  18 orc wizards
  14 worker ants
  A hound zombie (D:6)
  A hound skeleton (D:6)
  2 worker ant zombies
  22 gnolls
  A howler monkey skeleton (D:7)
  20 adders
  2 shadow imps
  12 white imps (Lair:2)
  7 worms
  2 adder skeletons
  An adder zombie (D:9)
  A dart slug (D:3)
  3 leopard geckos
  65 orcs
  10 ball pythons
  9 giant cockroaches
  4 goblins
  5 hobgoblins
  3 jackals (D:7)
  7 quokkas
  9 bats
  2 frilled lizards (D:2)
  6 kobolds
  A leopard gecko skeleton (D:4)
  A quokka skeleton (D:4)
  7 rats
  4 plants
736 creatures vanquished.

Vanquished Creatures (others)
  A human (D:12)
  An orc wizard (D:9)
  2 orcs (Orc:2)
  8 fungi
  6 plants
18 creatures vanquished.

Grand Total: 754 creatures vanquished

Notes
Turn   | Place    | Note
-------+----------+-------------------------------------------
     0 | D:1      | vineage the Gargoyle Fighter began the quest for the Orb.
     0 | D:1      | Reached XP level 1. HP: 14/14 MP: 1/1
   252 | D:1      | Reached XP level 2. HP: 18/19 MP: 2/2
   639 | D:2      | Reached XP level 3. HP: 20/23 MP: 3/3
   858 | D:2      | Reached XP level 4. HP: 22/29 MP: 4/4
  1184 | D:3      | Reached skill level 4 in Shields
  1184 | D:3      | Reached XP level 5. HP: 25/33 MP: 5/5
  1189 | D:3      | Noticed chorizette's ghost (amateur TrFi)
  1208 | D:3      | Killed chorizette's ghost
  1208 | D:3      | Reached skill level 1 in Dodging
  1244 | D:3      | Reached XP level 6. HP: 21/38 MP: 6/6
  1532 | D:3      | Found an iron altar of Okawaru.
  1635 | D:3      | Became a worshipper of Warmaster Okawaru
  2158 | D:4      | Reached skill level 5 in Shields
  2236 | D:4      | Reached XP level 7. HP: 38/44 MP: 7/7
  2785 | D:4      | Reached skill level 5 in Fighting
  3491 | D:4      | Reached * piety under Okawaru
  3705 | D:4      | Reached skill level 5 in Maces & Flails
  3881 | D:4      | Reached skill level 6 in Shields
  3951 | D:5      | Entered Level 5 of the Dungeon
  3967 | D:5      | Reached XP level 8. HP: 42/49 MP: 8/8
  3976 | D:5      | Noticed Menkaure
  3992 | D:5      | Reached skill level 5 in Armour
  3998 | D:5      | Killed Menkaure
  4248 | D:5      | Noticed Edmund
  4293 | D:5      | Killed Edmund
  4574 | D:5      | Reached ** piety under Okawaru
  4780 | D:5      | Noticed Ijyb
  4787 | D:5      | Killed Ijyb
  4893 | D:5      | Found a staircase to the Ecumenical Temple.
  5027 | D:6      | Reached skill level 7 in Shields
  5052 | D:6      | Gained mutation: Your large and strong wings let you fly indefinitely. [mutagenic meat]
  5053 | D:6      | Gained mutation: You have a pair of small antennae on your head. [mutagenic meat]
  5054 | D:6      | Gained mutation: Scrolls take you a little longer to read. [mutagenic meat]
  5055 | D:6      | Gained mutation: You possess an exceptional clarity of mind. [mutagenic meat]
  5125 | D:6      | Noticed Blork the orc
  5178 | D:6      | Killed Blork the orc
  5178 | D:6      | Reached XP level 9. HP: 42/55 MP: 9/9
  5402 | D:6      | Reached *** piety under Okawaru
  5406 | D:6      | Gained mutation: Your natural rate of healing is unusually fast. [mutagenic meat]
  5407 | D:6      | Gained mutation: You are robust. (+10% HP) [mutagenic meat]
  5866 | D:6      | Found a runed door.
  5870 | D:6      | Noticed Crazy Yiuf
  5873 | D:6      | Killed Crazy Yiuf
  6034 | D:7      | Reached skill level 8 in Shields
  6221 | D:7      | Found a glowing golden altar of the Shining One.
  6377 | D:7      | Reached **** piety under Okawaru
  6430 | D:7      | Found a burning altar of Makhleb.
  6457 | D:7      | Reached XP level 10. HP: 66/67 MP: 10/10
  6535 | D:7      | Found a blossoming altar of Fedhas.
  6736 | D:8      | Noticed Frank's ghost (novice OpFi)
  6767 | D:8      | Killed Frank's ghost
  6767 | D:8      | Reached skill level 9 in Shields
  6882 | D:8      | Found a hazy altar of Hepliaklqana.
  6943 | D:8      | Found a shattered altar of Ashenzari.
  7089 | D:8      | Noticed Pikel
  7106 | D:8      | Killed Pikel
  7106 | D:8      | Reached ***** piety under Okawaru
  7106 | D:8      | Received a gift from Okawaru
  7106 | D:8      | Reached skill level 10 in Maces & Flails
  7142 | D:8      | Noticed Joseph
  7152 | D:8      | Killed Joseph
  7716 | D:9      | Reached XP level 11. HP: 72/74 MP: 11/11
  7874 | D:9      | Reached skill level 10 in Shields
  8107 | D:9      | Noticed Psyche
  8124 | D:9      | Killed Psyche
  8374 | D:9      | Found a glowing silver altar of Zin.
  8409 | D:10     | Entered Level 10 of the Dungeon
  8409 | D:10     | Noticed a two-headed ogre
  8417 | D:10     | Killed a two-headed ogre
  8417 | D:10     | Reached skill level 1 in Throwing
  9024 | D:10     | Found a staircase to the Lair.
  9069 | D:10     | Reached skill level 1 in Long Blades
  9116 | D:10     | Noticed a two-headed ogre
  9130 | D:10     | Killed a two-headed ogre
  9454 | Lair:1   | Entered Level 1 of the Lair of Beasts
  9499 | Lair:1   | Noticed Harold
  9553 | Lair:1   | Killed Harold
  9553 | Lair:1   | Reached ****** piety under Okawaru
  9553 | Lair:1   | Reached skill level 11 in Shields
  9604 | Lair:1   | Received a gift from Okawaru
  9816 | Lair:1   | Reached XP level 12. HP: 64/82 MP: 12/12
 10052 | Lair:2   | Found a frozen archway.
 10158 | Lair:2   | Reached skill level 5 in Long Blades
 10265 | Lair:2   | Found a staircase to the Shoals.
 10269 | Lair:2   | Noticed a five-headed hydra
 10290 | Lair:2   | Killed a five-headed hydra
 10457 | Lair:2   | Noticed Gastronok
 10479 | Lair:2   | HP: 3/82 [Gastronok (26)]
 10490 | Lair:2   | Killed Gastronok
 11064 | Lair:3   | Received a gift from Okawaru
 11376 | Lair:3   | Found a hole to the Spider Nest.
 11690 | Lair:3   | Reached skill level 10 in Armour
 11696 | Lair:3   | Reached skill level 12 in Shields
 12365 | Lair:4   | Reached XP level 13. HP: 88/88 MP: 13/13
 13323 | Lair:5   | HP: 6/132 [ten-headed hydra (6)]
 13339 | Lair:5   | Received a gift from Okawaru
 13674 | Lair:5   | Reached skill level 1 in Stealth
 13716 | Lair:5   | Found a staircase to the Slime Pits.
 13717 | Lair:5   | Found a viscous altar of Jiyva.
 13719 | Lair:5   | Noticed Nessos
 13758 | Lair:5   | Killed Nessos
 13758 | Lair:5   | Received a gift from Okawaru
 13995 | Lair:6   | Entered Level 6 of the Lair of Beasts
 14085 | Lair:6   | Reached skill level 13 in Shields
 14144 | Lair:6   | Received a gift from Okawaru
 14276 | Lair:6   | Noticed vatarom's ghost (journeyman VSAs)
 14300 | Lair:6   | Killed vatarom's ghost
 14300 | Lair:6   | Reached skill level 10 in Fighting
 14337 | Lair:6   | Received a gift from Okawaru
 14613 | Lair:6   | Mutation became permanent: Your large and strong wings let you fly indefinitely. [Gargoyle growth]
 14613 | Lair:6   | Gained mutation: Your large and strong wings let you fly indefinitely. [Gargoyle growth]
 14613 | Lair:6   | Reached XP level 14. HP: 91/96 MP: 14/14
 15214 | Lair:6   | Noticed a dire elephant
 15214 | Lair:6   | Noticed a dire elephant
 15236 | Lair:6   | Noticed a dire elephant
 15248 | Lair:6   | Killed a dire elephant
 15266 | Lair:6   | Killed a dire elephant
 15281 | Lair:6   | Killed a dire elephant
 15281 | Lair:6   | Reached skill level 10 in Long Blades
 15290 | Lair:6   | Noticed a dire elephant
 15312 | Lair:6   | Killed a dire elephant
 15547 | Lair:6   | Reached skill level 14 in Shields
 15808 | D:11     | Received a gift from Okawaru
 15818 | D:11     | Got a distressingly furry scarf {god gift}
 15844 | D:11     | Identified the scarf of Qoheby {Str+3} (Okawaru gifted it to you on level 11 of the Dungeon)
 16053 | D:11     | Got a slimy whip
 16054 | D:11     | Identified the cursed +3 whip of Hohupp {speed, rElec MR+ Int+3} (You found it on level 11 of the Dungeon)
 16122 | D:11     | Found a staircase to the Orcish Mines.
 16147 | D:11     | Found Raduz's Weapon Shop.
 16161 | D:11     | You are sucked into a shaft for 3 floors!
 16279 | D:14     | Found a sacrificial altar of Ru.
 16806 | D:13     | Reached XP level 15. HP: 103/103 MP: 15/15
 17530 | D:12     | Noticed Kirke
 17550 | D:12     | Killed Kirke
 17550 | D:12     | Received a gift from Okawaru
 17567 | D:12     | Got a shimmering scarf {god gift}
 17727 | D:12     | Identified the Compendium of Nature
 17799 | D:12     | Found Anlexoh's Weapon Shop.
 18004 | D:12     | Found Xupuakhau's Assorted Antiques.
 18028 | D:12     | Found Kyerphi's Antique Armour Emporium.
 18199 | D:11     | Found a deep blue altar of Sif Muna.
 18210 | D:11     | Reached skill level 15 in Shields
 18552 | D:14     | Identified the scarf of Eternal Vigilance {+Inv rPois MR+} (Okawaru gifted it to you on level 12 of the Dungeon)
 18705 | D:14     | Found a gate to the Vaults.
 18969 | D:14     | Identified 2 scrolls of acquirement
 18975 | D:14     | Got a warped platinum ring
 18998 | D:14     | Identified the ring of Birdsong {MR+ Str+5} (You acquired it on level 14 of the Dungeon)
 19063 | Orc:1    | Entered Level 1 of the Orcish Mines
 19152 | Orc:2    | Entered Level 2 of the Orcish Mines
 19215 | Orc:1    | Received a gift from Okawaru
 19329 | Orc:1    | Reached XP level 16. HP: 58/111 MP: 16/16
 19488 | Orc:2    | Found Vaunwup's Gadget Emporium.
 19490 | Orc:2    | Found Kinguc's Gadget Boutique.
 19553 | Orc:2    | Found Goanig Jaoq's Armour Emporium.
 19565 | Orc:2    | Found Poeseuc's General Store.
 19625 | Orc:2    | Found Lisonup's Jewellery Boutique.
 19656 | Orc:2    | Noticed ThereIsNoGod's ghost (journeyman TrFi)
 19687 | Orc:2    | Paralysed by an ogre mage for 5 turns
 19692 | Orc:2    | Killed ThereIsNoGod's ghost
 19692 | Orc:2    | Reached skill level 16 in Shields
 19921 | Orc:2    | Found a staircase to the Elven Halls.
 20407 | Slime:1  | Entered Level 1 of the Pits of Slime
 20483 | Slime:1  | Noticed an acid blob
 20496 | Slime:1  | Mangled by an acid blob

Skill      XL: |  1  2  3  4  5  6  7  8  9 10 11 12 13 14 15 16 |
---------------+-------------------------------------------------+-----
Maces & Flails | 3 4 5 7 9 10 11 | 11.3
Shields        | 4 5 6 7 8 9 11 12 13 14 15 16 | 16.0
Fighting       | 4 5 6 7 8 9 10 11 12 | 12.1
Armour         | 4 5 6 7 8 10 11 12 13 14 | 14.1
Dodging        | 1 2 |  2.7
Throwing       | 1 |  1.0
Long Blades    | 4 7 9 11 12 | 12.5
Stealth        | 1 |  1.2
Invocations    | |  0.2

Action                   |  1- 3 |  4- 6 |  7- 9 | 10-12 | 13-15 | 16-18 || total
-------------------------+-------+-------+-------+-------+-------+-------++-------
Melee: Flail             |    95 |   223 |   590 |   441 |       |       ||  1349
       Scimitar          |       |       |       |   397 |   186 |       ||   583
       Long sword        |       |       |       |   343 |    78 |       ||   421
       Whip              |       |       |       |    18 |    43 |       ||    61
       Demon blade       |       |       |       |       |  1145 |   149 ||  1294
Throw: Tomahawk          |       |       |       |    17 |     4 |       ||    21
Invok: Heroism           |       |       |     1 |     3 |     7 |     1 ||    12
 Abil: Fly               |       |       |     1 |       |       |       ||     1
  Use: Potion            |       |     2 |     2 |     7 |     8 |     5 ||    24
       Scroll            |       |       |     7 |    11 |    16 |       ||    34
 Stab: Invisible         |       |       |       |       |     3 |       ||     3
  Eat: Chunk             |       |     5 |    19 |    13 |    21 |       ||    58
       Fruit             |       |       |     2 |     6 |       |     2 ||    10
       Bread ration      |       |       |       |     4 |     1 |       ||     5
       Royal jelly       |       |       |       |     3 |       |     1 ||     4
Armor: Scale mail        |    50 |       |       |       |       |       ||    50
       Plate armour      |       |   198 |   297 |   884 |  1011 |    68 ||  2458
       Skin              |       |       |       |       |    57 |       ||    57
Dodge: Dodged            |    30 |    45 |    78 |   329 |   439 |    37 ||   958
Block: Shield            |    72 |   169 |   331 |  1122 |  1579 |   150 ||  3423
       Rpst.: Scimitar   |       |       |       |    38 |    16 |       ||    54
       Long sword        |       |       |       |    24 |     1 |       ||    25
       Demon blade       |       |       |       |       |    82 |     6 ||    88
